 Dungeon Crawl Stone Soup version 0.22-a0-601-gb0ed703 (webtiles) character file.

2256 Mamutox the Cudgeler (level 9, 0/89 HPs)
             Began as a Troll Fighter on July 6, 2018.
             Was a Follower of Trog.
             Slain by a killer bee (6 damage)
             ... on level 8 of the Dungeon.
             The game lasted 00:20:40 (6579 turns).

Mamutox the Cudgeler (Troll Fighter)                Turns: 6579, Time: 00:20:40

Health: 0/89       AC:  6    Str: 26    XL:     9   Next: 15%
Magic:  8/8        EV: 11    Int:  4    God:    Trog [*.....]
Gold:   402        SH: 10    Dex: 12    Spells: 8/8 levels left

rFire    . . .     SeeInvis .   a - +0 flail
rCold    . . .     Gourm    +   c - +0 shield
rNeg     . . .     Faith    .   b - +0 robe
rPois    .         Spirit   .   (helmet restricted)
rElec    .         Reflect  .   k - +0 cloak
rCorr    .         Harm     .   (gloves unavailable)
MR       ++...                  (boots unavailable)
Stlth    +.........             o - amulet of magic regeneration
HPRegen  1.64/turn              (no ring)
MPRegen  0.36/turn              (no ring)

@: lethally poisoned (0 -> 0), berserk cooldown, regenerating, slowed, very slow
A: large, unfitting armour, claws 3, fast metabolism 3, gourmand, regeneration
1, shaggy fur 1, tough skin 2
a: Berserk, Renounce Religion


You were on level 8 of the Dungeon.
You worshipped Trog.
Trog was aware of your devotion.
You were very full.

You visited 1 branch of the dungeon, and saw 8 of its levels.

You collected 402 gold pieces.

Inventory:

Hand Weapons
 a - a +0 flail (weapon)
Missiles
 x - 4 tomahawks (quivered)
Armour
 b - a +0 robe (worn)
 c - a +0 shield (worn)
 k - a +0 cloak (worn)
Jewellery
 o - an amulet of magic regeneration (around neck)
Scrolls
 h - 3 scrolls of identify
 i - 5 scrolls of teleportation
 j - 3 scrolls of remove curse
 l - a scroll of immolation {unknown}
 n - 2 scrolls of enchant armour
 q - a scroll of blinking {unknown}
 r - 2 scrolls of fog {unknown}
 t - a scroll of magic mapping {unknown}
 w - a scroll of enchant weapon {unknown}
Potions
 d - 2 potions of might
 e - a potion of ambrosia
 m - a potion of heal wounds
 p - 4 potions of curing
 s - 2 potions of agility
 u - 2 potions of brilliance
 v - a potion of flight
Comestibles
 f - 15 rations
 g - 2 chunks of flesh


   Skills:
 + Level 5.6 Fighting
 + Level 5.8 Maces & Flails
 + Level 5.6 Dodging
 + Level 5.6 Shields


You had 8 spell levels left.
You didn't know any spells.
Your spell library was empty.

Dungeon Overview and Level Annotations

Branches:
Dungeon (8/15)             Temple (0/1) D:6
   Lair: D:8-11

Altars:
Gozag
Hepliaklqana
Kikubaaqudgha
Nemelex Xobeh
Okawaru
Qazlal
Sif Muna
Trog
Uskayaw
Wu Jian
Zin
The Shining One

Shops:
D:6 (

Annotations:
D:7 exclusion: oklob plant


Innate Abilities, Weirdness & Mutations

You are too large for most types of armour.
You have claws for hands.
Your metabolism is lightning-fast.
You like to eat raw meat.
Your natural rate of healing is unusually fast.
You are covered in fur. (AC +1)
You have very tough skin. (AC +2)


Message History

You feel somewhat less full.
You can no longer call upon Trog for regeneration and magic resistance.
The killer bee barely misses you. x2; The killer bee closely misses you.
You miss the killer bee. You block the killer bee's attack.
The killer bee closely misses you. The killer bee barely misses you.
The killer bee closely misses you.
You miss the killer bee. The killer bee barely misses you.
You block the killer bee's attack. The killer bee stings you.
* * * LOW HITPOINT WARNING * * *
You miss the killer bee.
The killer bee stings you but does no damage.
You block the killer bee's attack. x2; The killer bee stings you.
* * * LOW HITPOINT WARNING * * *
You are poisoned.
The killer bee poisons you!
You sock the killer bee!
The killer bee is severely wounded.
You feel sick. The killer bee misses you. You block the killer bee's attack.
The killer bee stings you.
You die...

### #<# #.# #.# #.#
##### #.#
#######...#
#)########.........#
#))@y..............†
#.########......####
..>. ..........#
#...... ......####.#
......########.# #.#
......## #.# #.#
....#. #.# #.#
##..#. #.# $..


You could see a killer bee.

Vanquished Creatures
  Menkaure (D:6)
  An ice beast (D:6)
  An orc warrior (D:8)
  2 ogres
  2 centaurs
  4 bullfrogs
  2 scorpions
  3 killer bees (D:8)
  5 crimson imps
  2 jellies (D:7)
  A bullfrog zombie (D:5)
  3 hounds
  6 orc wizards
  4 orc priests
  3 centaur skeletons
  An iguana (D:4)
  5 worker ants
  Robin (D:4)
  6 adders
  2 gnolls (D:7)
  A howler monkey skeleton (D:7)
  2 shadow imps
  2 oozes
  An adder zombie (D:7)
  An adder skeleton (D:4)
  2 worms (D:3)
  12 dart slugs
  3 leopard geckos
  17 orcs
  2 ball pythons
  3 giant cockroaches
  12 hobgoblins
  5 jackals
  3 quokkas
  A ball python skeleton (D:5)
  6 bats
  4 frilled lizards
  11 goblins
  12 kobolds
  10 rats
165 creatures vanquished.

Vanquished Creatures (others)
  A wizard (D:5)
1 creature vanquished.

Grand Total: 166 creatures vanquished

Notes
Turn   | Place    | Note
-------+----------+-------------------------------------------
     0 | D:1      | Mamutox the Troll Fighter began the quest for the Orb.
     0 | D:1      | Reached XP level 1. HP: 22/22 MP: 0/0
   273 | D:1      | Reached XP level 2. HP: 29/29 MP: 1/1
   715 | D:1      | Reached XP level 3. HP: 36/36 MP: 2/2
  1117 | D:2      | Found a glowing silver altar of Zin.
  1117 | D:2      | Found a deep blue altar of Sif Muna.
  1419 | D:2      | Reached XP level 4. HP: 43/44 MP: 3/3
  1484 | D:2      | Found a sparkling altar of Nemelex Xobeh.
  1804 | D:3      | Found a glowing golden altar of the Shining One.
  1843 | D:3      | Reached XP level 5. HP: 53/53 MP: 4/4
  2845 | D:4      | Reached XP level 6. HP: 41/61 MP: 5/5
  3031 | D:4      | Noticed Robin
  3068 | D:4      | Killed Robin
  3171 | D:4      | Found an ancient bone altar of Kikubaaqudgha.
  3277 | D:4      | Found an iron altar of Okawaru.
  3408 | D:5      | Entered Level 5 of the Dungeon
  3560 | D:5      | Reached XP level 7. HP: 67/68 MP: 6/6
  3583 | D:5      | Found a hazy altar of Hepliaklqana.
  3588 | D:5      | Found a bloodstained altar of Trog.
  3592 | D:5      | Became a worshipper of Trog the Wrathful
  3598 | D:5      | Found an ornate altar of the Wu Jian Council.
  3601 | D:5      | Found an opulent altar of Gozag.
  3827 | D:5      | Found a hide-covered altar of Uskayaw.
  4153 | D:5      | Found a bloodstained altar of Trog.
  4154 | D:5      | Noticed a wizard
  4160 | D:5      | Killed a wizard
  4666 | D:6      | Noticed Menkaure
  4684 | D:5      | Reached * piety under Trog
  4860 | D:6      | Found a staircase to the Ecumenical Temple.
  4874 | D:6      | Reached XP level 8. HP: 44/79 MP: 7/7
  4959 | D:6      | Killed Menkaure
  5013 | D:6      | Found Ajepp's Weapon Shop.
  5348 | D:6      | Found a stormy altar of Qazlal.
  5445 | D:7      | Reached skill level 5 in Fighting
  5445 | D:7      | Reached skill level 5 in Maces & Flails
  5445 | D:7      | Reached skill level 5 in Shields
  5477 | D:7      | Reached skill level 5 in Dodging
  5691 | D:7      | Found a stormy altar of Qazlal.
  5691 | D:7      | Noticed an oklob plant
  6190 | D:7      | Reached XP level 9. HP: 88/88 MP: 8/8
  6409 | D:8      | Reached ** piety under Trog
  6570 | D:8      | HP: 1/89 [killer bee (5)]
  6579 | D:8      | Slain by a killer bee

Vault maps used:
D:1:      minmay_arrival_four_loops, serial_co_window_serial,
          co_window_of_opportunity_a, co_window_cross_1, co_window_corner_a,
          co_window_paths_a, co_window_of_opportunity_a, co_window_corner_b,
          co_window_corner_b, co_window_2corner, co_window_4corner_a,
          co_window_4corner_b, glass_columns_c, glass_columns_b,
          glass_columns_a, glass_columns_b, glass_columns_c
D:2:      old_standard_altar, gammafunk_temple_overflow_elements,
          minmay_misc_feat_iff
D:3:      kennysheep_slugbush, old_standard_altar, first_ration
D:4:      okawaru_gym_becter, kiku_gazebo_pond_becter,
          minmay_misc_feat_more_columns, uniq_robin
D:5:      eat_drink_and_be_merry_uskayaw, grunt_temple_overflow_cloverleaf,
          grunt_decor_one_mirror, trog_wizard
D:6:      lemuel_round_altar, minmay_temple_entry_trees, serial_corexii_hall,
          corexii_hall_statues_i, corexii_hall_statues_deadend, serial_shops,
          nicolae_shop_waterfront, uniq_menkaure
D:7:      lemuel_oklob_altar
D:8:      david_nohive_1, kennysheep_generic_room_14, uniq_grum

Skill      XL: |  1  2  3  4  5  6  7  8 |
---------------+-------------------------+-----
Maces & Flails | 2 3 4 5 |  5.8
Dodging        | 3 4 5 |  5.6
Shields        | 3 4 5 |  5.6
Fighting       | 3 4 5 |  5.6

Action                   |  1- 3 |  4- 6 |  7- 9 || total
-------------------------+-------+-------+-------++-------
Melee: Flail             |   122 |   269 |   405 ||   796
Invok: Berserk           |       |       |     5 ||     5
       Trog's Hand       |       |       |     2 ||     2
  Use: Scroll            |       |     4 |     6 ||    10
       Potion            |       |       |     2 ||     2
 Stab: Sleeping          |     1 |       |       ||     1
  Eat: Chunk             |    13 |    27 |    32 ||    72
Armor: Robe              |    59 |    82 |   103 ||   244
Dodge: Dodged            |    59 |   100 |   168 ||   327
Block: Shield            |    78 |   132 |   212 ||   422

Table legend:
 A = Spawn XP
 B = Non-spawn XP
 C = Spawn XP percentage of total XP
 D = Spawn monster count
 E = Non-spawn monster count
 F = Spawn count percentage of total count
 G = Total turns spent on level
                    A         B        C        D         E        F      G
               +---------+---------+-------+---------+---------+-------+---------
         Total |       0 |    3223 |   0.0 |       0 |     165 |   0.0 |  6579
               +---------+---------+-------+---------+---------+-------+---------
           D:1 |       0 |      45 |   0.0 |       0 |      30 |   0.0 |  1070
           D:2 |       0 |      78 |   0.0 |       0 |       7 |   0.0 |   513
           D:3 |       0 |     214 |   0.0 |       0 |      39 |   0.0 |  1229
           D:4 |       0 |     283 |   0.0 |       0 |      21 |   0.0 |   596
           D:5 |       0 |     496 |   0.0 |       0 |      14 |   0.0 |  1055
           D:6 |       0 |     822 |   0.0 |       0 |      22 |   0.0 |   936
           D:7 |       0 |     914 |   0.0 |       0 |      23 |   0.0 |   999
           D:8 |       0 |     371 |   0.0 |       0 |       9 |   0.0 |   181
               +---------+---------+-------+---------+---------+-------+---------
